 Dungeon Crawl Stone Soup version 0.31-a0-441-g867994ef1c (webtiles) character file.

Game seed: 831183757259180680

12 redmage the Grasshopper (level 2, -3/24 HPs)
             Began as a Meteoran Warper on Aug 2, 2023.
             Slain by an iguana (11 damage)
             ... on level 3 of the Dungeon.
             The game lasted 00:02:46 (201 turns).

redmage the Grasshopper (Meteoran Warper)            Turns: 201, Time: 00:02:46

Health: -3/24      AC:  3    Str: 12    XL:     2   Next: 64%
Magic:  7/7        EV: 12    Int: 14    God:
Gold:   48         SH:  0    Dex: 13    Spells: 5/7 levels left

rFire   . . .        a - +0 falchion
rCold   . . .        (no shield)
rNeg    . . .        b - +0 leather armour
rPois   .            (no helmet)
rElec   .            (no cloak)
rCorr   .            (no gloves)
SInv    .            (no boots)
Will    .....        (no amulet)
Stlth   +            (no ring)
HPRegen 0.24/turn    (no ring)
MPRegen 0.10/turn

%: no passive effects
@: glowing
A: sense surroundings 1, otherworldly, glowing, explore regen
a: no special abilities


You were on level 3 of the Dungeon.
You visited 1 branch of the dungeon, and saw 4 of its levels.

You collected 48 gold pieces.

Inventory:

Hand Weapons
 a - a +0 falchion (weapon)
Missiles
 d - 7 darts of dispersal (quivered)
Armour
 b - a +0 leather armour (worn)
 g - a +0 chain mail
Scrolls
 c - a scroll of blinking
 e - a scroll of revelation {unknown}
 f - a scroll of fog {unknown}


   Skills:
 - Level 2.2 Fighting
 * Level 3.0 Long Blades
 - Level 1.2 Throwing
 - Level 1.2 Armour
 - Level 2.4 Dodging
 - Level 3.0 Spellcasting
 + Level 3.8 Translocations


You had 5 spell levels left.
You knew the following spells:

 Your Spells              Type           Power      Damage    Failure   Level
a - Blink                 Tloc           24%        N/A       9%          2

Your spell library contained the following spells:

 Spells                   Type           Power      Damage    Failure   Level
 Lesser Beckoning         Tloc           24%        N/A       9%          2
 Teleport Other           Tloc           12%        N/A       17%         3
 Vhi's Electric Charge    Tloc/Air       14%        N/A       36%         3
 Manifold Assault         Tloc           12%        N/A       50%         4


Dungeon Overview and Level Annotations

Branches:
Dungeon (4/15) Zot: 2191
 Temple: D:4-7

Altars:


Innate Abilities, Weirdness & Mutations

You passively map a small area around you.
You are easily found by Zot.
You glow in the dark.
You regain HP and MP as you explore.


Message History

An iguana comes into view.
The iguana hisses angrily.
A black bear comes into view.
You see here a +0 chain mail.
g - a +0 chain mail The iguana attacks as you move away!
The iguana closely misses you.
There is a stone staircase leading up here.
Unknown command.
The iguana barely misses you.
You climb upwards.
There is a stone staircase leading down here.
You barely miss the iguana. The iguana barely misses you.
You hit the iguana.
The iguana is moderately wounded.
The iguana bites you.
You hit the iguana.
The iguana is heavily wounded.
The iguana barely misses you.
You barely miss the iguana.
The iguana is heavily wounded.
The iguana bites you.
You hit the iguana but do no damage.
The iguana is heavily wounded.
The iguana closely misses you.
You hit the iguana.
The iguana is heavily wounded.
The iguana bites you but does no damage.
The iguana bites you!
Ouch! That really hurt!
* * * LOW HITPOINT WARNING * * *
You hit the iguana but do no damage.
The iguana is heavily wounded.
The iguana barely misses you.
You barely miss the iguana.
The iguana is heavily wounded.
The iguana misses you.
You barely miss the iguana.
The iguana is heavily wounded.
The iguana bites you!
You die...

#.....### ,, , © ©
#####...#### * ,.#
###.(..# ,, .#*
####.# ,..#* * * ## *
#.### ,,..# * * #.,
#...###..#**, * ,
#.##+#.....#.#* , , #
#............####
*#.,#.........@.....#
*
#.##........l......#
#........###.......#
, #........#
#.......# ,
##.......# #.......#
#.......# #.......#
######### #.......#
#.......# ,


You could see an iguana.

Vanquished Creatures
  A dart slug (D:1)
  4 ball pythons
  A bat (D:1)
  An endoplasm (D:1)
  A kobold (D:1)
  A quokka (D:2)
9 creatures vanquished.

Notes
Turn   | Place    | Note
-------+----------+-------------------------------------------
     0 | D:1      | redmage the Meteoran Warper began the quest for the Orb.
     0 | D:1      | Reached XP level 1. HP: 17/17 MP: 5/5
    34 | D:1      | Found a faded altar of an unknown god.
    50 | D:1      | Reached XP level 2. HP: 18/24 MP: 6/6
   104 | D:2      | Learned a level 2 spell: Blink
   184 | D:4      | Noticed a black bear
   201 | D:3      | Slain by an iguana

Illustrated notes

Levels and vault maps discovered:
D:1:      dpeg_arrival_arbitrary_a, layout_basic,
          dreamdust_ecumenical_altar_angels_and_demons
D:2:      layout_loops_ring
D:3:      layout_basic, mainiacjoe_overflow_cross_hatched, gammafunk_ghost_smash
D:4:      layout_basic, mainiacjoe_overflow_catwalk, serial_shops,
          nicolae_square_shop, gammafunk_ghost_abyssal_escape,
          hangedman_decor_slide_cut

Skill      XL: |  1  2 |
---------------+-------+-----
Long Blades    | 3 |  3.0
Spellcasting   | 3 |  3.0
Fighting       | |  2.2
Throwing       | |  1.2
Armour         | |  1.2
Dodging        | |  2.4
Translocations | |  3.8

Action                     || total
---------------------------++-------
  Melee: Falchion          ||    37
 Armour: Leather armour    ||    17
  Dodge: Dodged            ||    25

Table legend: (Time is in decaauts)
 A = Elapsed time spent in this place.
 B = Non-inter-level travel time spent in this place.
 C = Inter-level travel time spent in this place.
 D = Time resting spent in this place.
 E = Time spent auto-exploring this place.
 F = Levels seen in this place.
 G = Mean time per level.
                   A        B        C        D        E       F      G
               +--------+--------+--------+--------+--------+-----+--------+
         Total |    207 |    199 |      8 |      0 |      0 |   4 |   51.8 |
       Dungeon |    207 |    199 |      8 |      0 |      0 |   4 |   51.8 |
               +--------+--------+--------+--------+--------+-----+--------+

Top non-repeatable levels by time:
     D:1: 80 daAuts
     D:3: 78 daAuts
     D:2: 39 daAuts
     D:4: 8 daAuts
